 Dungeon Crawl Stone Soup version 0.22-b1-21-g5cfc1688f2 (webtiles) character file.

2897 Pisosu the Blocker (level 9, -10/78 HPs)
             Began as a Minotaur Fighter on Aug 8, 2018.
             Splashed by Erica's acid (13 damage)
             ... on level 8 of the Dungeon.
             The game lasted 00:13:43 (6539 turns).

Pisosu the Blocker (Minotaur Fighter)               Turns: 6539, Time: 00:13:45

Health: -10/78     AC:  8    Str: 24    XL:     9   Next: 49%
Magic:  8/8        EV:  4    Int:  5    God:
Gold:   450        SH: 18    Dex: 10    Spells: 8/8 levels left

rFire    . . .     SeeInvis .   z - +0 trident of Tomorrow {drain, rC+} (curse)
rCold    + . .     Gourm    .   h - +0 large shield
rNeg     . . .     Faith    .   C - +0 plate armour (curse)
rPois    .         Spirit   .   (helmet restricted)
rElec    .         Reflect  .   o - +0 cloak
rCorr    .         Harm     .   (no gloves)
MR       .....                  u - +0 pair of boots {run}
Stlth    ..........             (no amulet)
HPRegen  0.23/turn              (no ring)
MPRegen  0.11/turn              (no ring)

@: corroded, quick
A: retaliatory headbutt, horns 2
a: no special abilities


You were on level 8 of the Dungeon.
You were hungry.

You visited 1 branch of the dungeon, and saw 8 of its levels.

You collected 450 gold pieces.

Inventory:

Hand Weapons
 a - a +0 flail
 z - the cursed +0 trident of Tomorrow (weapon) {drain, rC+}
   (You found it on level 5 of the Dungeon)

   A truly terrible weapon, it drains the life of those it strikes.
   It protects you from cold.
   It has a curse placed upon it.
 I - a cursed +0 morningstar
Missiles
 m - 33 tomahawks (quivered)
Armour
 h - a +0 large shield (worn)
 o - a +0 cloak (worn)
 u - a +0 pair of boots of running (worn)
 y - a +2 leather armour of cold resistance
 C - a cursed +0 plate armour (worn)
Wands
 w - a wand of clouds (6)
 H - a wand of random effects (29)
Scrolls
 c - 2 scrolls of immolation {unknown}
 e - 4 scrolls of remove curse {unknown}
 g - 3 scrolls of identify {unknown}
 i - 2 scrolls of magic mapping {unknown}
 j - 2 scrolls of fear {unknown}
 l - 2 scrolls of fog {unknown}
 q - 3 scrolls of amnesia {unknown}
 r - 3 scrolls of teleportation {unknown}
 t - a scroll of blinking {unknown}
 D - a scroll of random uselessness {unknown}
 E - 2 scrolls of noise {unknown}
 G - a scroll of enchant weapon {unknown}
 J - a scroll of enchant armour {unknown}
Potions
 d - 2 potions of might
 k - 3 potions of degeneration {unknown}
 n - 4 potions of heal wounds {unknown}
 p - a potion of curing
 s - 3 potions of brilliance {unknown}
 v - 2 potions of agility {unknown}
 x - 4 potions of mutation {unknown}
 A - 2 potions of invisibility {unknown}
 B - a potion of berserk rage {unknown}
 F - a potion of haste {unknown}
Comestibles
 b - a chunk of flesh
 f - 11 rations


   Skills:
 + Level 6.9 Fighting
 + Level 6.8 Maces & Flails
 + Level 7.7 Armour
 + Level 11.6 Shields


You had 8 spell levels left.
You didn't know any spells.
Your spell library contained the following spells:

 Spells                   Type           Power        Failure   Level  Hunger
 Confuse                  Hex            #.......     100%        3    ####...
 Confusing Touch          Hex            #.....       100%        1    ##.....
 Metabolic Englaciation   Hex/Ice        #.........   100%        5    ######.
 Petrify                  Tmut/Erth      #.......     100%        4    #####..
 Gell's Gravitas          Tloc           #.........   100%        3    ####...
 Yara's Violent Unravell  Hex/Tmut       #.........   100%        5    ######.


Dungeon Overview and Level Annotations

Branches:
Dungeon (8/15)
 Temple: D:4-7         Lair: D:8-11

Altars:
Gozag
Hepliaklqana
Ru
Wu Jian
Xom
Zin

Shops:
D:7 }

Portals:
Bailey: D:7

Annotations:
D:8 Erica


Innate Abilities, Weirdness & Mutations

You reflexively headbutt those who attack you in melee.
You have a pair of horns on your head.


Message History

You hear some strange, mumbled words.
Something tries to affect you, but you resist.
Something hits you but does no damage.
Your shield and plate armour prevent you from hitting something.
You hear some strange, mumbled words.
An orb of energy appears from out of thin air!
You block the orb of energy.
The orb of energy explodes!
You closely miss something. Something hits you. Something burns you.
You miss something.
You hear a zap.
A bolt of acid appears from out of thin air!
The bolt of acid hits you! The acid corrodes you!
You are splashed with acid!
The acid burns!
You barely miss something.
You hear a zap.
A bolt of acid appears from out of thin air!
The bolt of acid hits you!
* * * LOW HITPOINT WARNING * * *
The acid corrodes you!
You are splashed with acid!
The acid burns!
You die...

##########################
...........'...#..........
.........@.#...#..........
...######{.##..####..##...
#..##..####..##...
#........#........
#........#........
#.................
#####...#######.##
####...###.###.##
.........#..#...#.


There were no monsters in sight!

Vanquished Creatures
  Prince Ribbit (D:8)
  A water moccasin (D:5)
  An ice beast (D:8)
  2 orc warriors
  3 ogres
  A centaur (D:6)
  3 big kobolds
  5 bullfrogs
  2 scorpions (D:6)
  4 howler monkeys
  2 wights (D:8)
  A quasit (D:6)
  5 hounds
  3 orc priests
  2 jellies
  6 orc wizards
  2 iguanas
  Ijyb (D:3)
  5 worker ants
  Natasha (twice) (D:3)
  A hound skeleton (D:8)
  A worker ant zombie (D:6)
  6 gnolls
  A howler monkey skeleton (D:4)
  8 adders
  2 shadow imps (D:6)
  3 oozes
  An adder skeleton (D:2)
  3 worms
  2 dart slugs (D:2)
  6 leopard geckos
  28 orcs
  5 giant cockroaches
  16 goblins
  6 hobgoblins
  8 jackals
  22 kobolds
  A quokka (D:6)
  2 ball pythons
  10 bats
  9 frilled lizards
  2 jackal zombies
  2 leopard gecko zombies
  2 quokka zombies (D:2)
  7 rats
  A withered plant (D:2)
207 creatures vanquished.

Notes
Turn   | Place    | Note
-------+----------+-------------------------------------------
     0 | D:1      | Pisosu the Minotaur Fighter began the quest for the Orb.
     0 | D:1      | Reached XP level 1. HP: 19/19 MP: 0/0
   173 | D:1      | Reached skill level 4 in Shields
   173 | D:1      | Reached XP level 2. HP: 26/27 MP: 1/1
   384 | D:1      | Reached XP level 3. HP: 29/33 MP: 2/2
   775 | D:2      | Found a sacrificial altar of Ru.
  1061 | D:2      | Reached XP level 4. HP: 38/40 MP: 3/3
  1092 | D:2      | Found a hazy altar of Hepliaklqana.
  1264 | D:2      | Found an opulent altar of Gozag.
  1495 | D:3      | Identified a +0 pair of boots of running (You found it on level 3 of the Dungeon)
  1806 | D:3      | Noticed Natasha
  1811 | D:3      | Killed Natasha
  1811 | D:3      | Reached XP level 5. HP: 47/47 MP: 4/4
  1897 | D:3      | Noticed Natasha
  1909 | D:3      | Killed Natasha
  2185 | D:3      | Noticed Ijyb
  2195 | D:3      | Killed Ijyb
  2195 | D:3      | Reached skill level 5 in Shields
  2282 | D:4      | Noticed an ogre
  2291 | D:4      | Killed an ogre
  2291 | D:4      | Reached XP level 6. HP: 18/55 MP: 5/5
  2525 | D:4      | Reached skill level 5 in Maces & Flails
  2559 | D:4      | Reached skill level 5 in Armour
  2881 | D:4      | Reached skill level 5 in Fighting
  2886 | D:4      | Reached skill level 6 in Shields
  2918 | D:4      | Reached XP level 7. HP: 55/61 MP: 6/6
  3745 | D:5      | Entered Level 5 of the Dungeon
  3762 | D:5      | Got a brightly glowing trident
  3763 | D:5      | Identified the cursed +0 trident of Tomorrow {drain, rC+} (You found it on level 5 of the Dungeon)
  3977 | D:5      | Reached skill level 7 in Shields
  4009 | D:5      | Found a shimmering altar of Xom.
  4009 | D:5      | Found a glowing silver altar of Zin.
  4009 | D:5      | Noticed an angel
  4052 | D:5      | Found an ornate altar of the Wu Jian Council.
  4590 | D:5      | Reached XP level 8. HP: 36/70 MP: 7/7
  4812 | D:6      | Reached skill level 8 in Shields
  5319 | D:6      | Reached skill level 9 in Shields
  5824 | D:7      | Found Gygat's Gadget Boutique.
  5875 | D:7      | Reached skill level 10 in Shields
  5875 | D:7      | Reached XP level 9. HP: 78/78 MP: 8/8
  5898 | D:7      | Found a flagged portal.
  6022 | D:7      | You fall through a shaft!
  6065 | D:8      | Noticed Prince Ribbit
  6115 | D:8      | Killed Prince Ribbit
  6121 | D:8      | Reached skill level 11 in Shields
  6524 | D:8      | Noticed Erica
  6539 | D:8      | HP: 3/78 [something/wand of acid (4) (23)]
  6539 | D:8      | Splashed by Erica's acid

Skill      XL: |  1  2  3  4  5  6  7  8  9 |
---------------+----------------------------+-----
Shields        | 4 5 6 7 10 11 | 11.6
Fighting       | 4 5 6 |  6.9
Armour         | 4 5 7 |  7.7
Maces & Flails | 3 4 5 6 |  6.8

Action                   |  1- 3 |  4- 6 |  7- 9 || total
-------------------------+-------+-------+-------++-------
Melee: Flail             |   116 |   171 |    40 ||   327
       Headbutt          |    29 |    25 |    77 ||   131
       Trident           |       |       |   409 ||   409
  Eat: Chunk             |     1 |     6 |     8 ||    15
       Ration            |       |       |     1 ||     1
Armor: Scale mail        |    47 |    86 |    45 ||   178
       Plate armour      |       |       |   200 ||   200
Dodge: Dodged            |    43 |    54 |    76 ||   173
Block: Shield            |    49 |    24 |       ||    73
       Large shield      |       |   146 |   473 ||   619
